 Dungeon Crawl Stone Soup version 0.30-a0-949-g53dc5368d7 (webtiles) character file.

Game seed: 14124842590398950695

61 senseless the Stinger (level 3, -5/21 (24) HPs)
             Began as a Demonspawn Venom Mage on Mar 27, 2023.
             Was a Plaything of Xom.
             Slain by an unseen horror (shapeshifter) (10 damage)
             ... on level 2 of the Dungeon.
             The game lasted 00:07:24 (2140 turns).

senseless the Stinger (Demonspawn Venom Mage)       Turns: 2140, Time: 00:07:24

HP:   -5/21 (24)    AC:  3    Str:  8    XL:     3   Next: 83%
MP:   7/7           EV: 12    Int: 18    God:    Xom [..*...]
Gold: 124           SH:  0    Dex: 13    Spells: 7/8 levels left

rFire   . . .      SeeInvis .    k - +1 hand axe (freeze)
rCold   . . .      Faith    .    (no shield)
rNeg    . . .      Spirit   .    a - +0 robe
rPois   .          Reflect  .    (no helmet)
rElec   .          Rampage  .    (no cloak)
rCorr   .                        l - +0 pair of gloves
Will    .....                    (no boots)
Stlth   ++                       (no amulet)
HPRegen 0.23/turn                (no ring)
MPRegen 0.10/turn                (no ring)

@: heavily drained
A: demonic guardian 1
a: Renounce Religion


You were on level 2 of the Dungeon.
You worshipped Xom.
You were a toy of Xom.
You visited 1 branch of the dungeon, and saw 2 of its levels.

You collected 124 gold pieces.

Inventory:

Hand Weapons
 d - a +0 dagger of flaming
 k - a +1 hand axe of freezing (weapon)
Armour
 a - a +0 robe (worn)
 l - a +0 pair of gloves (worn)
Wands
 i - a wand of polymorph (11)
Scrolls
 g - a scroll of fear {unknown}
 h - a scroll of butterflies {unknown}
Potions
 b - a potion of magic
 c - 2 potions of mutation {unknown}
 e - a potion of curing {unknown}
 f - 2 potions of cancellation {unknown}
 j - a potion of berserk rage {unknown}


   Skills:
 + Level 0.1 Fighting
 + Level 1.8 Dodging
 + Level 2.0 Stealth
 + Level 3.0 Spellcasting
 + Level 1.3 Transmutations
 + Level 3.6 Poison Magic


You had 7 spell levels left.
You knew the following spells:

 Your Spells              Type           Power      Damage    Failure   Level
a - Sting                 Tmut/Pois      44%        1d5       6%          1

Your spell library contained the following spells:

 Spells                   Type           Power      Damage    Failure   Level
 Poisonous Vapours        Pois/Air       18%        N/A       12%         2
 Lesser Beckoning         Tloc           4%         N/A       24%         2
 Mephitic Cloud           Conj/Pois/Air  7%         N/A       30%         3
 Olgreb's Toxic Radiance  Pois           15%        N/A       36%         4
 Gell's Gravitas          Tloc           2%         N/A       43%         3
 Teleport Other           Tloc           2%         N/A       43%         3


Dungeon Overview and Level Annotations

Branches:
Dungeon (2/15)

Altars:
Xom


Innate Abilities, Weirdness & Mutations

A weak demonic guardian rushes to your aid.


Message History

The adder is engulfed in seething chaos.
The jackal is engulfed in seething chaos.
The jackal changes into a shapeshifter!
The adder is engulfed in seething chaos.
The adder barely misses you.
You miss the bat. You closely miss the adder.
The shapeshifter changes into something you cannot see!
The bat hits you but does no damage. The bat closely misses you.
The adder is engulfed in seething chaos.
The adder barely misses you.
The adder is engulfed in seething chaos.
The adder barely misses you.
The adder is engulfed in seething chaos.
The adder closely misses you.
Your trail of clouds dissipates.
The bat closely misses you.
The adder is engulfed in seething chaos. x2
The adder bites you but does no damage.
The ball python bites you but does no damage.
The ball python barely misses you.
The bat is engulfed in seething chaos.
The adder is engulfed in seething chaos.
The adder goes berserk!
The ball python closely misses you. The ball python grabs you.
The ball python constricts you. The adder closely misses you.
You escape the ball python's grasp.
A rat comes into view.
The bat hits you. The bat hits you but does no damage.
The adder attacks as you move away! The adder bites you but does no damage.
The ball python bites you. The ball python grabs you.
The ball python constricts you. The adder bites you.
The ball python bites you but does no damage.
The ball python constricts you.
You escape the ball python's grasp.
The adder rages.
The adder bites you but does no damage. Something hits you!
* * * LOW HITPOINT WARNING * * *
Deactivating autopickup; reactivate with Ctrl-A.
Something hits you!
You die...

#..........,,,#.§.#.#,,,,,**,*
#.......###**,#.§[#,#,******,*
#.......# *,#...#,*,*,,,**,*
#.......# *,#...#,*,,,,,**,*
#.......# *,#...#,***,****,*
*,,,,,,,* *,#.S.#,* *,* *,*
**,,,,,,,*****,#.b.#,* *,* *,*
,,*,*,*,,,,,,,,#.S.#,* *,* *,*
*,*,*,,,,,,,***#@..#,* *,* *,*
*,*,,,,,,..........#,* *,* *,*
*,,∩,,,,,.#.####r..#,* *,* *,*
*********,*,,,,......***,* *,*
,,,* *,####,.......,,,* *,*
##,* *,#..#...#.####******,*
.#,* *,#..#...#..,,,,,,,,,,*
.#,# *,#..#...####**********
.#.# ##+#..#..#,,,,,,,,*


You could see an adder (berserk, fast, strong, agile, resistant), a bat, a ball
python and a rat.

Vanquished Creatures
  An adder (D:2)
  A worm (D:2)
  A dart slug (D:1)
  2 ball pythons (D:1)
  A bat (D:2)
  4 endoplasms
  A giant cockroach (D:2)
  7 goblins
  2 hobgoblins
  2 jackals (D:1)
  5 kobolds
  2 quokkas (D:1)
  4 frilled lizards (D:1)
  6 rats (D:1)
  A spectral hobgoblin (D:2)
40 creatures vanquished.

Vanquished Creatures (collateral kills)
  A dart slug (D:2)
  An endoplasm (D:2)
  A jackal (D:1)
3 creatures vanquished.

Grand Total: 43 creatures vanquished

Notes
Turn   | Place    | Note
-------+----------+-------------------------------------------
     0 | D:1      | senseless the Demonspawn Venom Mage began the quest for the
                  | Orb.
     0 | D:1      | Reached XP level 1. HP: 13/13 MP: 3/3
   233 | D:1      | Gained mutation: A weak demonic guardian rushes to your
                  | aid. [demonic ancestry]
   233 | D:1      | Reached XP level 2. HP: 19/19 MP: 0/5
   397 | D:1      | Reached skill level 1 in Transmutations
  1034 | D:1      | Reached XP level 3. HP: 24/24 MP: 4/7
  1772 | D:2      | Found a faded altar of an unknown god.
  1794 | D:2      | Prayed at the altar of an unknown god.
  1794 | D:2      | Became a worshipper of Xom the Psychotic
  1934 | D:2      | XOM: divination: detect creatures
  2032 | D:2      | XOM: cloud trail
  2124 | D:2      | a bat changed into a glowing shapeshifter
  2124 | D:2      | Noticed a glowing shapeshifter (glowing shapeshifter)
  2125 | D:2      | a glowing shapeshifter changed into a skyshark
  2125 | D:2      | Noticed a skyshark (glowing shapeshifter)
  2128 | D:2      | a skyshark changed into a swamp worm
  2128 | D:2      | Noticed a swamp worm (glowing shapeshifter)
  2133 | D:2      | a jackal changed into a shapeshifter
  2133 | D:2      | Noticed a shapeshifter (shapeshifter)
  2134 | D:2      | a shapeshifter changed into something unseen
  2140 | D:2      | Slain by an unseen horror (shapeshifter)

Illustrated notes

Levels and vault maps discovered:
D:1:      scummos_arrival_gate, layout_basic, minmay_tetromino_o2
D:2:      layout_basic, dreamdust_ecumenical_altar_drowned_temple, serial_shops,
          shop

Skill      XL: |  1  2  3 |
---------------+----------+-----
Transmutations | 1 |  1.3
Stealth        | 2 |  2.0
Spellcasting   | 3 |  3.0
Fighting       | |  0.1
Dodging        | |  1.8
Poison Magic   | |  3.6

Action                     || total
---------------------------++-------
  Melee: Unarmed           ||     4
         Dagger            ||    31
         Short sword       ||     4
         Hand axe          ||     1
   Cast: Sting             ||    82
    Use: Scroll            ||     2
 Armour: Robe              ||    24
  Dodge: Dodged            ||    61

Table legend: (Time is in decaauts)
 A = Elapsed time spent in this place.
 B = Non-inter-level travel time spent in this place.
 C = Inter-level travel time spent in this place.
 D = Time resting spent in this place.
 E = Time spent auto-exploring this place.
 F = Levels seen in this place.
 G = Mean time per level.
                   A        B        C        D        E       F      G
               +--------+--------+--------+--------+--------+-----+--------+
         Total |   2142 |   2002 |    140 |     44 |   1594 |   2 | 1071.0 |
       Dungeon |   2142 |   2002 |    140 |     44 |   1594 |   2 | 1071.0 |
               +--------+--------+--------+--------+--------+-----+--------+

Top non-repeatable levels by time:
     D:1: 1524 daAuts
     D:2: 617 daAuts
